 Dungeon Crawl Stone Soup version 0.24.0-123-gd5b16e6ec5 (webtiles) character file.

Game seed: 13020691860668657778, levelgen mode: deterministic

228 Ereth the Ruffian (level 5, -13/50 HPs)
             Began as a Troll Fighter on Dec 23, 2019.
             Mangled by a gnoll
             ... wielding a +0 halberd
              (18 damage)
             ... on level 3 of the Dungeon.
             The game lasted 00:04:39 (2253 turns).

Ereth the Ruffian (Troll Fighter)                   Turns: 2253, Time: 00:04:40

Health: -13/50     AC:  8    Str: 25    XL:     5   Next: 70%
Magic:  4/4        EV:  9    Int:  4    God:
Gold:   104        SH:  9    Dex:  9    Spells: 4/4 levels left

rFire    . . .     SeeInvis .     - Unarmed
rCold    . . .     Gourm    +   b - +0 shield
rNeg     . . .     Faith    .   a - +0 robe
rPois    .         Spirit   .   (helmet restricted)
rElec    .         Reflect  .   n - +1 cloak {+Inv}
rCorr    .         Harm     .   (gloves unavailable)
MR       .....                  (boots unavailable)
Stlth    +.........             (no amulet)
HPRegen  0.56/turn              (no ring)
MPRegen  0.09/turn              (no ring)

@: no status effects
A: large, unfitting armour, claws 3, fast metabolism 3, gourmand, regeneration
1, shaggy fur 1, tough skin 3
a: Evoke Invisibility


You were on level 3 of the Dungeon.
You were completely stuffed.

You visited 1 branch of the dungeon, and saw 3 of its levels.

You collected 104 gold pieces.

Inventory:

Armour
 a - a +0 robe (worn)
 b - a +0 shield (worn)
 n - a +1 cloak of invisibility (worn)
Jewellery
 f - an uncursed ring of resist corrosion {unknown}
 g - an uncursed ring of resist corrosion {unknown}
 l - an uncursed ring of wizardry {unknown}
Wands
 r - a wand of clouds (7)
Scrolls
 h - a scroll of enchant armour {unknown}
 i - a scroll of magic mapping {unknown}
 k - a scroll of identify {unknown}
 p - a scroll of immolation {unknown}
 s - a scroll of remove curse {unknown}
 t - a scroll of enchant weapon {unknown}
Potions
 c - a potion of might
 e - 2 potions of curing {unknown}
 j - a potion of degeneration {unknown}
 m - a potion of lignification {unknown}
 o - 2 potions of brilliance {unknown}
Comestibles
 d - 6 rations
 q - 4 chunks of flesh


   Skills:
 + Level 2.7 Fighting
 + Level 3.3 Dodging
 + Level 0.2 Stealth
 + Level 3.3 Shields
 + Level 4.1 Unarmed Combat


You had 4 spell levels left.
You didn't know any spells.
Your spell library was empty.

Dungeon Overview and Level Annotations

Branches:
Dungeon (3/15)

Altars:
Hepliaklqana
Sif Muna


Innate Abilities, Weirdness & Mutations

You are too large for most types of armour.
You have claws for hands.
Your metabolism is lightning-fast.
You like to eat raw meat.
Your natural rate of healing is unusually fast.
You are covered in fur. (AC +1)
You have extremely tough skin. (AC +3)


Message History

The gnoll hits you from afar with a +0 halberd.
* * * LOW HITPOINT WARNING * * *
You barely miss the gnoll.
The gnoll is moderately wounded.
The gnoll hits you but does no damage. The gnoll hits you with a +0 flail.
* * * LOW HITPOINT WARNING * * *
The gnoll hits you from afar with a +0 halberd!
* * * LOW HITPOINT WARNING * * *
You scratch the gnoll but do no damage.
The gnoll is moderately wounded.
You block the gnoll's attack. The gnoll barely misses you.
The gnoll hits you but does no damage.
You scratch the gnoll.
The gnoll is severely wounded.
You block the gnoll's attack. The gnoll barely misses you.
You block the gnoll's attack.
You scratch the gnoll.
You kill the gnoll!
The gnoll hits you from afar with a +0 halberd!!
You die...

#.# # #.# #.# #.. #.# #.# #.#
### #. #.# #.###.. .# #. #.#
..#####.#.#.# ...##.#####.#
#.........#..#
.#.#.#......g###g#.######.###.#
..........#...@)...# #.##....
.#.#.#......######## ##.#.#..
#...#......## ##.....
#....>....# ###.##. ###......#
#...##. #######...#.# #.####.
......<...#.######## #.# #.
########........... #.####.
#....####).# #)##...


You could see 2 gnolls.

Vanquished Creatures
  A bullfrog (D:3)
  Crazy Yiuf (D:2)
  5 adders
  3 gnolls
  2 worms (D:2)
  2 dart slugs (D:1)
  3 leopard geckos
  A ball python (D:2)
  3 giant cockroaches
  9 goblins
  6 hobgoblins
  8 bats
  4 frilled lizards
  6 kobolds
  2 rats
56 creatures vanquished.

Notes
Turn   | Place    | Note
-------+----------+-------------------------------------------
     0 | D:1      | Ereth the Troll Fighter began the quest for the Orb.
     0 | D:1      | Reached XP level 1. HP: 22/22 MP: 0/0
   143 | D:1      | Reached XP level 2. HP: 29/29 MP: 1/1
   622 | D:1      | Reached XP level 3. HP: 21/36 MP: 2/2
   782 | D:1      | Found a hazy altar of Hepliaklqana.
  1216 | D:2      | Found a runed translucent door.
  1217 | D:2      | Noticed Crazy Yiuf
  1223 | D:2      | Killed Crazy Yiuf
  1223 | D:2      | Reached skill level 3 in Unarmed Combat
  1223 | D:2      | Reached XP level 4. HP: 36/44 MP: 3/3
  1343 | D:2      | Found a shimmering blue altar of Sif Muna.
  2112 | D:3      | Noticed a bullfrog
  2123 | D:3      | Killed a bullfrog
  2123 | D:3      | Reached skill level 4 in Unarmed Combat
  2123 | D:3      | Reached XP level 5. HP: 50/50 MP: 4/4
  2253 | D:3      | Mangled by a gnoll

Levels and vault maps discovered:
D:1:      giann_bridges, layout_basic, kennysheep_flooded_box,
          grunt_decor_arrowhead
D:2:      layout_basic, led_sif_pool, minivault_5, uniq_crazy_yiuf_cottage
D:3:      layout_loops_ring, wad_rectangle_vault

Skill      XL: |  1  2  3  4 |
---------------+-------------+-----
Shields        | 3 |  3.3
Unarmed Combat | 3 4 |  4.1
Dodging        | 3 |  3.3
Fighting       | |  2.7
Stealth        | |  0.2

Action                   |  1- 3 |  4- 6 || total
-------------------------+-------+-------++-------
Melee: Unarmed           |    86 |    77 ||   163
  Eat: Chunk             |    17 |     9 ||    26
Armor: Robe              |    25 |    25 ||    50
Dodge: Dodged            |    33 |    33 ||    66
Block: Shield            |    39 |    41 ||    80
